 Seeded DCSS version 0.30.1-4-g462c640d31 (webtiles) character file.

Game seed: 6351066067085065685 (custom seed)

2751 Esekla the Reanimator (level 9, -6/45 HPs)
             Began as a Deep Elf Necromancer on Aug 24, 2023.
             Was a Priest of Vehumet.
             Mangled by Joseph
             ... wielding a +0 quarterstaff
              (19 damage)
             ... on level 7 of the Dungeon on Aug 25, 2023.
             The game lasted 00:34:38 (6291 turns).

Esekla the Reanimator (Deep Elf Necromancer)        Turns: 6291, Time: 00:34:38

Health: -6/45      AC:  4    Str:  5    XL:     9   Next: 41%
Magic:  2/23       EV: 14    Int: 25    God:    Vehumet [***...]
Gold:   398        SH:  0    Dex: 15    Spells: 9/25 levels left

rFire   . . .        a - +2 dagger (vamp)
rCold   . . .        (no shield)
rNeg    . . .        G - +0 robe
rPois   .            (no helmet)
rElec   .            E - +0 cloak
rCorr   .            l - +0 pair of gloves
SInv    .            (no boots)
Will    .....        A - amulet of magic regeneration
Stlth   +++          (no ring)
HPRegen 0.27/turn    (no ring)
MPRegen 0.58/turn

%: no passive effects
@: no status effects
A: no striking features
a: Renounce Religion


You were on level 7 of the Dungeon.
You worshipped Vehumet.
Vehumet was most pleased with you.
You visited 1 branch of the dungeon, and saw 7 of its levels.

You collected 398 gold pieces.

Inventory:

Hand Weapons
 a - a +2 vampiric dagger (weapon)
 c - a +4 scimitar
 e - a +0 trident
 r - a +4 trident of venom
 s - the +5 rapier of the Hero {heavy, rN+ Dex+3}
   (You found it on level 3 of the Dungeon)

   Dex:       It affects your dexterity (+3).
   rN:        It protects you from negative energy.
Missiles
 v - 19 poisoned darts (quivered)
 L - 5 curare-tipped darts
Armour
 l - a +0 pair of gloves (worn)
 E - a +0 cloak (worn)
 G - a +0 robe (worn)
Jewellery
 A - an amulet of magic regeneration (around neck)
Wands
 t - a wand of roots (17)
 D - a wand of flame (8)
 I - a wand of mindburst (8)
 J - a wand of polymorph (10)
Scrolls
 f - 8 scrolls of identify {unknown}
 j - 3 scrolls of noise {unknown}
 m - a scroll of enchant armour {unknown}
 n - 2 scrolls of amnesia {unknown}
 o - a scroll of immolation {unknown}
 p - 2 scrolls of fog {unknown}
 u - 5 scrolls of blinking {unknown}
 x - 3 scrolls of enchant weapon {unknown}
 y - a scroll of summoning {unknown}
 z - a scroll of magic mapping {unknown}
 C - 2 scrolls of fear
 F - 2 scrolls of teleportation {unknown}
 H - 2 scrolls of poison {unknown}
 K - a scroll of silence {unknown}
Potions
 b - a potion of magic
 d - 3 potions of ambrosia {unknown}
 g - 6 potions of attraction {unknown}
 h - 2 potions of haste {unknown}
 i - 6 potions of curing
 k - a potion of mutation {unknown}
 q - 3 potions of brilliance {unknown}
 w - 2 potions of heal wounds {unknown}
 B - a potion of lignification {unknown}


   Skills:
 + Level 3.3 Short Blades
 + Level 1.3 Throwing
 * Level 6.0 Dodging
 + Level 5.1 Stealth
 * Level 8.7 Spellcasting
 * Level 3.4 Conjurations
 * Level 8.9 Necromancy
 * Level 4.4 Translocations
 * Level 2.9 Ice Magic
 + Level 0.2 Evocations


You had 9 spell levels left.
You knew the following spells:

 Your Spells              Type           Power      Damage    Failure   Level
a - Magic Dart            Conj           100%       1d8       1%          1
b - Sandblast             Erth           20%        2d7       1%          1
c - Necrotise             Necr           100%       1d9       1%          1
d - Vampiric Draining     Necr           54%        2d9       1%          3
e - Flame Wave            Conj/Fire      19%        2d7       7%          4
r - Frozen Ramparts       Ice            50%        1d8       1%          3
t - Teleport Other        Tloc           33%        N/A       2%          3

Your spell library contained the following spells:

 Spells                   Type           Power      Damage    Failure   Level
 Lesser Beckoning         Tloc           66%        N/A       1%          2
 Animate Dead             Necr           54%        N/A       1%          4
 Gell's Gravitas          Tloc           33%        N/A       2%          3
 Agony                    Necr           54%        N/A       4%          5
 Spider Form              Tmut/Pois      10%        N/A       17%         3
 Cause Fear               Hex            5%         N/A       50%         4
 Summon Mana Viper        Hex/Summ       10%        N/A       83%         5


Dungeon Overview and Level Annotations

Branches:
Dungeon (7/15)             Temple (0/1) D:6

Altars:
Dithmenos
Fedhas
Hepliaklqana
Okawaru
Qazlal
Trog
Vehumet
Zin
The Shining One

Shops:
D:2 =   D:4 (

Annotations:
D:7 Joseph


Message History

Confirm with . or Enter, or press ? or * to list all spells.
Aiming: Vampiric Draining (safe; 1% risk of failure)
Press: ? - help, Shift-Dir - straight line, f/p - Joseph
Aim: Joseph, wielding a +0 quarterstaff and wearing a +0 leather armour (heavily wounded)
You draw life force from Joseph!
You feel life coursing into your body. Joseph hits you with a +0 quarterstaff.
Casting: Vampiric Draining (safe; 1% risk of failure)
Confirm with . or Enter, or press ? or * to list all spells.
Aiming: Vampiric Draining (safe; 1% risk of failure)
Press: ? - help, Shift-Dir - straight line, f/p - Joseph
Aim: Joseph, wielding a +0 quarterstaff and wearing a +0 leather armour (severely wounded)
You draw life force from Joseph!
You feel life coursing into your body.
Joseph says, "It's nothing personal, but I have to kill you."
Joseph drinks a potion.
Joseph is healed!
Casting: Vampiric Draining (safe; 1% risk of failure)
Confirm with . or Enter, or press ? or * to list all spells.
Aiming: Vampiric Draining (safe; 1% risk of failure)
Press: ? - help, Shift-Dir - straight line, f/p - Joseph
Aim: Joseph, wielding a +0 quarterstaff and wearing a +0 leather armour (severely wounded)
You draw life force from Joseph!
You feel life coursing into your body. Joseph hits you with a +0 quarterstaff!
Casting: Vampiric Draining (safe; 1% risk of failure)
Confirm with . or Enter, or press ? or * to list all spells.
Aiming: Vampiric Draining (safe; 1% risk of failure)
Press: ? - help, Shift-Dir - straight line, f/p - Joseph
Aim: Joseph, wielding a +0 quarterstaff and wearing a +0 leather armour (severely wounded)
You draw life force from Joseph!
You feel life coursing into your body. Joseph misses you.
You barely miss Joseph.
Joseph is almost dead.
Joseph says, "I'm happy to see you. And I'll be happy to kill you."
Joseph hits you but does no damage.
You barely miss Joseph.
Joseph is almost dead.
Joseph hits you with a +0 quarterstaff!
* * * LOW HITPOINT WARNING * * *
You barely miss Joseph.
Joseph is almost dead.
Joseph hits you with a +0 quarterstaff!!
You die...

######### #.......#
#.......#
#.......########
#..............########
#..............'...[[.)
#..............#.(..###
#.......#####'##....#
#.....@.# #..##....#
#......@# #.###....###
######### #.# #.......
#.# #.....## ........#
#####.#< .........
##.## ........[. +....
.......#..z #####
.h...>. .... #.<.g


You could see Joseph.

Vanquished Creatures
  Pikel (D:6)
  A wyvern (D:7)
  Menkaure (D:7)
  An ice beast (D:6)
  A sky beast (D:6)
  2 black bears
  2 ogres
  A centaur (D:7)
  A phantom (D:7)
  Blork the orc (D:6)
  A kobold brigand (D:6)
  A gnoll sergeant (D:7)
  A bullfrog (D:7)
  2 scorpions (D:5)
  3 wights (D:7)
  A gnoll bouda (D:4)
  6 hounds
  A jelly (D:6)
  Crazy Yiuf (D:7)
  A sleepcap (D:5)
  5 iguanas
  An orc wizard (D:7)
  14 gnolls
  9 adders
  4 white imps
  An ufetubus (D:5)
  A worm (D:4)
  3 dart slugs
  15 orcs
  6 ball pythons
  4 endoplasms
  8 goblins
  5 hobgoblins
  A quokka (D:1)
  4 bats
  4 frilled lizards
  12 kobolds
  A rat (D:2)
128 creatures vanquished.

Notes
Turn   | Place    | Note
-------+----------+-------------------------------------------
     0 | D:1      | Esekla the Deep Elf Necromancer began the quest for the
                  | Orb.
     0 | D:1      | Reached XP level 1. HP: 10/10 MP: 6/6
   357 | D:2      | Found Renulab's Jewellery Shop.
   483 | D:4      | Found an iron altar of Okawaru.
   496 | D:4      | Found a glowing silver altar of Zin.
   577 | D:4      | Found a radiant altar of Vehumet.
   581 | D:4      | Became a worshipper of Vehumet
   676 | D:3      | Reached skill level 5 in Necromancy
   778 | D:3      | Reached XP level 2. HP: 15/15 MP: 8/8
  1051 | D:3      | Identified the +5 rapier of the Hero {heavy, rN+ Dex+3}
  1192 | D:1      | Reached XP level 3. HP: 19/19 MP: 9/9
  1199 | D:1      | Learned a level 3 spell: Vampiric Draining
  1217 | D:1      | Reached * piety under Vehumet
  1217 | D:1      | Offered knowledge of Sandblast by Vehumet.
  1241 | D:1      | Learned a level 3 spell: Teleport Other
  1243 | D:1      | Learned a level 1 spell: Sandblast
  1594 | D:2      | Reached skill level 1 in Short Blades
  1614 | D:2      | Reached XP level 4. HP: 15/24 MP: 7/11
  1622 | D:2      | Noticed a black bear
  1661 | D:2      | Found a faded altar of an unknown god.
  1721 | D:2      | Killed a black bear
  1722 | D:2      | Reached skill level 1 in Translocations
  1722 | D:2      | Reached XP level 5. HP: 8/28 MP: 5/12
  2220 | D:3      | Found a hazy altar of Hepliaklqana.
  2222 | D:3      | Found a bloodstained altar of Trog.
  2223 | D:3      | Found a stormy altar of Qazlal.
  2372 | D:4      | Found Ponaysk's Antique Weapon Boutique.
  2506 | D:4      | Found a glowing golden altar of the Shining One.
  2526 | D:4      | Reached XP level 6. HP: 31/32 MP: 11/14
  2609 | D:4      | Reached ** piety under Vehumet
  2649 | D:4      | Offered knowledge of Magic Dart by Vehumet.
  2657 | D:4      | Learned a level 1 spell: Magic Dart
  3267 | D:5      | Entered Level 5 of the Dungeon
  3275 | D:5      | Got the Parchment of the Lumpy Olives
  3292 | D:5      | Found a shadowy altar of Dithmenos.
  3355 | D:5      | Reached skill level 1 in Conjurations
  3376 | D:5      | Reached skill level 5 in Spellcasting
  3416 | D:5      | HP: 1/32 [white imp/puff of frost (3)]
  3418 | D:5      | Reached XP level 7. HP: 2/36 MP: 16/16
  4414 | D:6      | Found a blossoming altar of Fedhas.
  4428 | D:6      | Reached skill level 1 in Throwing
  4446 | D:6      | Reached skill level 5 in Dodging
  4446 | D:6      | Reached XP level 8. HP: 36/41 MP: 10/19
  4468 | D:6      | Offered knowledge of Frozen Ramparts by Vehumet.
  4473 | D:6      | Learned a level 3 spell: Frozen Ramparts
  4575 | D:6      | Found a staircase to the Ecumenical Temple.
  4794 | D:6      | Noticed Pikel
  4811 | D:6      | Killed Pikel
  4812 | D:6      | Reached skill level 1 in Ice Magic
  4979 | D:7      | Found a runed translucent door.
  4980 | D:7      | Noticed Crazy Yiuf
  4988 | D:7      | Killed Crazy Yiuf
  5149 | D:6      | Reached *** piety under Vehumet
  5155 | D:6      | Noticed Blork the orc
  5235 | D:6      | Killed Blork the orc
  5477 | D:7      | Reached XP level 9. HP: 45/45 MP: 23/23
  5540 | D:7      | Reached skill level 5 in Stealth
  5766 | D:7      | Noticed Menkaure
  5772 | D:7      | Killed Menkaure
  5826 | D:7      | Offered knowledge of Flame Wave by Vehumet.
  5844 | D:7      | Learned a level 4 spell: Flame Wave
  6197 | D:7      | Noticed Joseph
  6291 | D:7      | Mangled by Joseph

Illustrated notes

Levels and vault maps discovered:
D:1:      sevenhm_arrival_forest_fort_small_3, layout_rooms,
          chequers_serial_rivers_room_b, minmay_misc_feat_five
D:2:      layout_loops_ring, dreamdust_ecumenical_altar_angels_and_demons,
          serial_shops, shop
D:3:      layout_basic, grunt_temple_overflow_open, minmay_misc_feat_iff
D:4:      layout_basic, nicolae_overflow_quartered_altars, serial_shops,
          nicolae_diamond_shop
D:5:      layout_loops_ring, lemuel_doored_altar, minmay_misc_feat_rows,
          dreamdust_wishing_well
D:6:      layout_loops_cross, fedhas_altar_fruit_tree,
          minmay_temple_entry_glass, uniq_pikel, uniq_blork_the_orc
D:7:      layout_basic, uniq_menkaure, uniq_joseph, uniq_crazy_yiuf_cottage

Skill      XL: |  1  2  3  4  5  6  7  8  9 |
---------------+----------------------------+-----
Necromancy     | 5 6 8 |  8.9
Dodging        | 3 4 5 6 |  6.0
Stealth        | 3 4 5 |  5.1
Short Blades   | 1 2 3 |  3.3
Translocations | 1 2 3 4 |  4.4
Spellcasting   | 4 5 6 8 |  8.7
Conjurations   | 1 2 3 |  3.4
Throwing       | 1 |  1.3
Ice Magic      | 2 |  2.9
Evocations     | |  0.2

Action                     |  1- 3 |  4- 6 |  7- 9 || total
---------------------------+-------+-------+-------++-------
  Melee: Short sword       |    42 |       |       ||    42
         Unarmed           |     9 |       |       ||     9
         Rapier            |    32 |    14 |    26 ||    72
         Dagger            |       |   111 |   118 ||   229
         Punch             |       |     2 |     2 ||     4
  Throw: Dart              |       |     7 |    34 ||    41
   Cast: Vampiric Draining |     1 |    17 |    58 ||    76
         Frozen Ramparts   |       |       |     1 ||     1
  Evoke: Wand              |       |       |    11 ||    11
    Use: Scroll            |       |     1 |       ||     1
   Stab: Sleeping          |    10 |     6 |     8 ||    24
 Armour: Robe              |    16 |    16 |    28 ||    60
  Dodge: Dodged            |    40 |    76 |   110 ||   226
